 Dungeon Crawl Stone Soup version 0.20-b1-2-gc5a9893 (webtiles) character file.

184 Jawreze the Quickloader (level 5, 0/30 HPs)
             Began as a Kobold Hunter on May 21, 2017.
             Slain by Grinder (8 damage)
             ... on level 3 of the Dungeon.
             The game lasted 00:04:32 (2140 turns).

Jawreze the Quickloader (Kobold Hunter)             Turns: 2140, Time: 00:04:33

Health: 0/30       AC:  4    Str: 10    XL:     5   Next: 96%
Magic:  5/5        EV: 15    Int: 13    God:
Gold:   49         SH:  0    Dex: 15    Spells: 4/4 levels left

rFire    . . .     SeeInvis .   a - +1 hand crossbow
rCold    . . .     Gourm    .   (shield restricted)
rNeg     . . .     Faith    .   v - +2 robe {MR+}
rPois    .         Spirit   .   (no helmet)
rElec    .         Reflect  .   (no cloak)
rCorr    .         Harm     .   (no gloves)
MR       +....                  (no boots)
Stlth    ++........             (no amulet)
Regen    0.1/turn               (no ring)
MPRegen  0.1/turn               (no ring)

@: no status effects
A: carnivore 3
a: no special abilities


You were on level 3 of the Dungeon.
You were completely stuffed.

You visited 1 branch of the dungeon, and saw 3 of its levels.

You collected 49 gold pieces.

Inventory:

Hand Weapons
 a - a +1 hand crossbow (weapon)
 b - a +0 short sword
 w - a +2 dagger of venom
Missiles
 d - 9 bolts (quivered)
 j - 10 sling bullets
 k - 60 stones
Armour
 c - a +0 leather armour
 v - a +2 robe of magic resistance (worn)
Jewellery
 e - an uncursed ring of wizardry {unknown}
 p - a cursed amulet of faith {unknown}
Wands
 r - a wand of clouds (4/9)
Scrolls
 i - 2 scrolls of teleportation {unknown}
 l - a scroll of enchant weapon {unknown}
 m - 2 scrolls of identify {unknown}
 q - a scroll of remove curse {unknown}
Potions
 g - 3 potions of heal wounds {unknown}
 h - a potion of agility {unknown}
 n - 2 potions of haste {unknown}
 o - a potion of magic {unknown}
 t - a potion of might {unknown}
 u - a potion of curing {unknown}
Comestibles
 f - 2 meat rations
 s - 3 chunks of flesh


   Skills:
 - Level 2.1 Fighting
 * Level 8.1 Crossbows
 - Level 2.4 Dodging
 - Level 1.3 Stealth


You had 4 spell levels left.
You didn't know any spells.

Dungeon Overview and Level Annotations

Branches:
Dungeon (3/15)

Altars:
Nemelex Xobeh

Annotations:
D:3 Grinder


Innate Abilities, Weirdness & Mutations

You are small and have problems with some larger weapons.
You are carnivorous and can eat meat at any time.


Message History

Aim: Grinder (heavily wounded)
You shoot a bolt. The bolt hits Grinder.
Grinder is severely wounded.
Grinder hits you!
You writhe in agony.
You are too injured to fight recklessly!
You are too injured to fight recklessly!
You are too injured to fight recklessly!
Firing (i - inventory. (,) - cycle):
d - 11 bolts (quivered)
Press: ? - help, Shift-Dir - straight line, f/p - Grinder
Aim: Grinder (severely wounded)
You shoot a bolt. The bolt barely misses Grinder.
Grinder hits you.
You writhe in agony.
* * * LOW HITPOINT WARNING * * *
Firing (i - inventory. (,) - cycle):
d - 10 bolts (quivered)
Press: ? - help, Shift-Dir - straight line, f/p - Grinder
Aim: Grinder (severely wounded)
You shoot a bolt. The bolt hits Grinder!
Grinder is almost dead.
Grinder hits you!
You die...

#.....#.####.# #.#
####...)....###..
##.##.###.(#$#
#............#
.........#...#.# ###
###..##.......(#....
#..............#
#.###.#..)5..#.# #
#.##..@#.#.#
#..........#
#(.##....#.# #..
###..#.# #() ... ..(
..## ##> .#. .##.


You could see Grinder.

Vanquished Creatures
  2 orc wizards (D:3)
  Jessica (D:3)
  2 adders (D:2)
  2 oozes
  A dart slug (D:3)
  2 leopard geckos (D:2)
  7 orcs (D:3)
  A ball python (D:1)
  5 giant cockroaches
  7 goblins
  7 hobgoblins
  2 jackals (D:3)
  5 kobolds
  A quokka (D:2)
  8 bats
  A frilled lizard (D:1)
  7 rats
61 creatures vanquished.

Notes
Turn   | Place    | Note
-------+----------+-------------------------------------------
     0 | D:1      | Jawreze the Kobold Hunter began the quest for the Orb.
     0 | D:1      | Reached XP level 1. HP: 12/12 MP: 1/1
   139 | D:1      | Reached skill level 5 in Crossbows
   294 | D:1      | Reached XP level 2. HP: 17/17 MP: 2/2
   642 | D:1      | Found a sparkling altar of Nemelex Xobeh.
   904 | D:2      | Reached XP level 3. HP: 21/21 MP: 3/3
   971 | D:2      | Reached skill level 6 in Crossbows
  1164 | D:2      | Reached XP level 4. HP: 26/26 MP: 4/4
  1635 | D:2      | Found a faded altar of an unknown god.
  1862 | D:3      | Reached skill level 7 in Crossbows
  1862 | D:3      | Reached XP level 5. HP: 20/30 MP: 5/5
  2060 | D:3      | Noticed Jessica
  2063 | D:3      | Killed Jessica
  2096 | D:3      | Reached skill level 8 in Crossbows
  2124 | D:3      | Noticed Grinder
  2131 | D:3      | Paralysed by Grinder for 5 turns
  2140 | D:3      | Slain by Grinder

Skill      XL: |  1  2  3  4  5 |
---------------+----------------+-----
Crossbows      | 5 6 7 8 |  8.1
Fighting       | |  2.1
Dodging        | |  2.4
Stealth        | |  1.3

Action                   |  1- 3 |  4- 6 || total
-------------------------+-------+-------++-------
 Fire: Hand crossbow     |    72 |    81 ||   153
  Eat: Chunk             |     9 |     3 ||    12
Armor: Leather armour    |     7 |     5 ||    12
Dodge: Dodged            |    14 |    30 ||    44
